 Dungeon Crawl Stone Soup version 0.29.0-13-gc9e81de378 (webtiles) character file.

Game seed: 14628556516895429206

112 keekatzer the Caller (level 4, -5/37 HPs)
             Began as a Ghoul Summoner on Sept 9, 2022.
             Slain by Crazy Yiuf
             ... wielding a +2 quarterstaff of chaos
              (13 damage)
             ... on level 2 of the Dungeon.
             The game lasted 00:08:17 (1748 turns).

keekatzer the Caller (Ghoul Summoner)               Turns: 1748, Time: 00:08:18

Health: -5/37      AC:  2    Str: 11    XL:     4   Next: 93%
Magic:  0/6        EV: 12    Int: 10    God:
Gold:   187        SH:  0    Dex: 11    Spells: 1/7 levels left

rFire   + . .      SeeInvis .   c - +0 hand axe
rCold   + . .      Faith    .   (no shield)
rNeg    + + +      Spirit   .   a - +0 robe
rPois   ∞          Reflect  .   (no helmet)
rElec   .          Harm     .   (no cloak)
rCorr   .          Rampage  .   (no gloves)
Will    .....                   (no boots)
Stlth   ++........              (no amulet)
HPRegen 0.00/turn               g - ring of protection from fire
MPRegen 0.10/turn               j - +4 ring of slaying

@: very slightly contaminated, inhibited regen
A: claws 1, cold resistance 1, negative energy resistance 3, inhibited
regeneration, torment resistance 2, devour on kill
a: no special abilities


You were on level 2 of the Dungeon.
You visited 1 branch of the dungeon, and saw 3 of its levels.

You collected 187 gold pieces.

Inventory:

Hand Weapons
 c - a +0 hand axe (weapon)
 l - a +0 dagger
 s - a +0 short sword
Armour
 a - a +0 robe (worn)
 d - a +0 leather armour
 r - a +0 buckler
Jewellery
 g - a ring of protection from fire (left claw)
 h - a ring of protection from fire
 i - an amulet of guardian spirit
 j - a +4 ring of slaying (right claw)
Scrolls
 e - 3 scrolls of identify {unknown}
 n - a scroll of summoning {unknown}
 o - a scroll of fear {unknown}
 p - a scroll of noise {unknown}
Potions
 b - a potion of magic
 f - a potion of invisibility {unknown}
 k - 4 potions of curing
 m - a potion of haste {unknown}
 q - 2 potions of degeneration {unknown}


   Skills:
 + Level 2.7 Fighting
 + Level 2.3 Dodging
 + Level 2.8 Stealth
 * Level 0.2 Shields
 + Level 2.1 Spellcasting
 * Level 4.2 Summonings


You had one spell level left.
You knew the following spells:

 Your Spells              Type           Power      Damage    Failure   Level
a - Summon Small Mammal   Summ           36%        N/A       5%          1
b - Call Imp              Summ           9%         N/A       9%          2
c - Call Canine Familiar  Summ           9%         N/A       16%         3

Your spell library contained the following spells:

 Spells                   Type           Power      Damage    Failure   Level
 Summon Guardian Golem    Hex/Summ       5%         N/A       36%         3
 Summon Lightning Spire   Summ/Air       5%         N/A       78%         4


Dungeon Overview and Level Annotations

Branches:
Dungeon (3/15)

Altars:

Annotations:
D:2 Crazy Yiuf


Innate Abilities, Weirdness & Mutations

You are immune to poison.
You have sharp fingernails.
Your flesh is cold resistant. (rC+)
You are immune to negative energy. (rN+++)
You do not regenerate when monsters are visible.
You are immune to unholy pain and torment.
You thrive by killing the living.


Message History

Crazy Yiuf laughs, "Trifle illywillydillykilly high!"
There is a stone staircase leading down here.
Crazy Yiuf says, "Blight!
Island seventy chair."
Crazy Yiuf cries, "Lay sanguine disdain!"
Things that are here:
a +0 dagger; a goblin skeleton Crazy Yiuf says, "Mama!
Leather green sing-song."
Casting: Call Canine Familiar (quite dangerous; 16% risk of failure)
Confirm with . or Enter, or press ? or * to list all spells.
You don't know that spell.
Casting: Call Canine Familiar (quite dangerous; 16% risk of failure)
Confirm with . or Enter, or press ? or * to list all spells.
The spell is quite dangerous to miscast (16% risk of failure)!
Continue anyway?
You miscast Call Canine Familiar.
You are very lightly contaminated with residual magic.
Nothing appears to happen.
Crazy Yiuf says, "Rifle cloud snockshim!"
Casting: Call Canine Familiar (quite dangerous; 16% risk of failure)
Confirm with . or Enter, or press ? or * to list all spells.
The spell is quite dangerous to miscast (16% risk of failure)!
Continue anyway?
You hit Crazy Yiuf.
Crazy Yiuf is moderately wounded.
Your hound bites Crazy Yiuf.
Crazy Yiuf hits you with a +2 quarterstaff of chaos!
You are electrocuted!
Your hound bites Crazy Yiuf.
You closely miss Crazy Yiuf.
Crazy Yiuf is heavily wounded.
Your hound barely misses Crazy Yiuf.
Crazy Yiuf hits you with a +2 quarterstaff of chaos.
* * * LOW HITPOINT WARNING * * *
You hit Crazy Yiuf.
Crazy Yiuf is heavily wounded.
Your hound bites Crazy Yiuf.
Crazy Yiuf hits your hound with a +2 quarterstaff of chaos!
Your hound bites Crazy Yiuf.
You hit Crazy Yiuf.
Crazy Yiuf is almost dead.
Your hound barely misses Crazy Yiuf.
Crazy Yiuf hits you with a +2 quarterstaff of chaos!
You die...

#~~~~~ # #P~~~~##### #
♣~~~P♣....### ##♣~~~~~......#
##P~≈~P~...~#.####
##P~≈≈P..†.†♣....#
#♣~≈~~~~†.~P~♣##.#
~~≈≈≈~~....~P♣ #.#
♣~~≈~~~~...~~♣♣#@#####
♣~~≈~~♣...~~P♣♣.hg..)##
♣P~†~~P..~~~♣♣♣#####..#####
♣~~~~~.~..~P~♣ ### ##.....#
♣P~~~~....~~~♣ #.# ####..##
#♣~~~~P...~~♣♣ #.###....##
#..♣P.~.~~♣♣###..#.g###########
#...♣~..P♣~...................#
#.......~♣######..g##########.#


You could see Crazy Yiuf (ally target) and a friendly hound (summoned).

Vanquished Creatures
  Natasha (D:2)
  A gnoll (D:1)
  An adder (D:2)
  A nameless horror (D:2)
  3 ball pythons
  An endoplasm (D:2)
  3 giant cockroaches
  3 hobgoblins
  6 jackals
  4 quokkas
  2 bats
  A frilled lizard (D:2)
  3 goblins
  A kobold (D:1)
  5 rats
36 creatures vanquished.

Vanquished Creatures (collateral kills)
  Natasha (D:2)
  A worm (D:2)
  A giant cockroach (D:1)
  A hobgoblin (D:2)
  A frilled lizard (D:1)
5 creatures vanquished.

Vanquished Creatures (others)
  5 plants (D:2)
5 creatures vanquished.

Grand Total: 46 creatures vanquished

Notes
Turn   | Place    | Note
-------+----------+-------------------------------------------
     0 | D:1      | keekatzer the Ghoul Summoner began the quest for the Orb.
     0 | D:1      | Reached XP level 1. HP: 14/14 MP: 2/2
    42 | D:1      | Reached XP level 2. HP: 10/24 MP: 0/3
   212 | D:1      | Learned a level 2 spell: Call Imp
   426 | D:1      | Reached XP level 3. HP: 12/29 MP: 0/4
   926 | D:2      | Noticed Natasha
   932 | D:2      | Killed Natasha
  1004 | D:2      | Reached skill level 4 in Summonings
  1004 | D:2      | Reached XP level 4. HP: 37/37 MP: 5/5
  1014 | D:2      | Learned a level 3 spell: Call Canine Familiar
  1073 | D:2      | Noticed Natasha
  1358 | D:2      | Killed Natasha
  1635 | D:2      | Found a runed translucent door.
  1636 | D:2      | Noticed Crazy Yiuf
  1748 | D:2      | Slain by Crazy Yiuf

Illustrated notes

Levels and vault maps discovered:
D:1:      heliophobic_arrival_enchanted_forest, layout_loops_ring
D:2:      layout_rooms, serial_bayou_ford_a, uniq_crazy_yiuf_cottage,
          uniq_natasha
D:3:      layout_basic, dk_noncrumbling_3

Skill      XL: |  1  2  3  4 |
---------------+-------------+-----
Fighting       | 2 |  2.7
Dodging        | 2 |  2.3
Summonings     | 4 |  4.2
Spellcasting   | 2 |  2.1
Stealth        | |  2.8
Shields        | |  0.2

Action                   |  1- 3 |  4- 6 || total
-------------------------+-------+-------++-------
Melee: Hand axe          |    77 |    49 ||   126
       Punch             |       |     1 ||     1
 Cast: Summon Small Mamm |     8 |     5 ||    13
       Call Imp          |     1 |     5 ||     6
       Call Canine Famil |       |     2 ||     2
  Use: Potion            |       |     2 ||     2
 Stab: Sleeping          |     6 |     1 ||     7
       Distracted        |     1 |       ||     1
Armor: Robe              |    22 |     6 ||    28
Dodge: Dodged            |    54 |    44 ||    98
